 Dungeon Crawl Stone Soup version 0.30-a0-782-ge64f9170bb (webtiles) character file.

Game seed: 18343155903349635796

239 Leeroy the Ducker (level 6, -8/30 HPs)
             Began as a Vine Stalker Warper on Mar 7, 2023.
             Killed from afar by an orc wizard (14 damage)
             ... with a puff of flame
             ... on level 3 of the Dungeon.
             The game lasted 00:02:33 (1653 turns).

Leeroy the Ducker (Vine Stalker Warper)             Turns: 1653, Time: 00:02:33

Health: -8/30      AC:  5    Str: 14    XL:     6   Next: 7%
Magic:  0/10       EV: 13    Int: 13    God:
Gold:   110        SH:  5    Dex: 15    Spells: 4/9 levels left

rFire   x . .      SeeInvis .    y - +2 dagger (venom)
rCold   + . .      Faith    .    (no shield)
rNeg    . . .      Spirit   +    b - +0 leather armour
rPois   .          Reflect  +    v - +0 helmet
rElec   .          Harm     .    (no cloak)
rCorr   .          Rampage  +    i - +0 pair of gloves
Will    +....                    (no boots)
Stlth   +                        u - amulet "Suxeures" {Reflect Rampage Will+ SH+5}
HPRegen 1.05/turn                f - ring of ice
MPRegen 0.12/turn                (no ring)

@: no status effects
A: fangs 2, regeneration 1, magic shield, antimagic bite, no potion heal 2
a: no special abilities


You were on level 3 of the Dungeon.
You visited 1 branch of the dungeon, and saw 3 of its levels.

You collected 110 gold pieces.

Inventory:

Hand Weapons
 a - a +0 falchion
 y - a +2 dagger of venom (weapon)
Missiles
 d - 7 boomerangs of dispersal (quivered)
 q - 8 boomerangs
Armour
 b - a +0 leather armour (worn)
 i - a +0 pair of gloves (worn)
 v - a +0 helmet (worn)
Jewellery
 f - a ring of ice (left hand)
 t - a ring of poison resistance
 u - the amulet "Suxeures" (around neck) {Reflect Rampage Will+ SH+5}
   (You found it on level 2 of the Dungeon)

   [amulet of reflection]

   It reflects blocked missile attacks.
   SH:        It affects your SH (+5).
   Rampage:   It bestows one free step when moving towards enemies.
   Will:      It increases your willpower.
Scrolls
 c - 2 scrolls of blinking
 e - a scroll of enchant armour {unknown}
 g - 2 scrolls of identify {unknown}
 j - a scroll of amnesia {unknown}
 n - 3 scrolls of teleportation {unknown}
 o - a scroll of noise {unknown}
 p - 2 scrolls of fog {unknown}
 s - a scroll of fear {unknown}
 w - a scroll of butterflies {unknown}
Potions
 h - a potion of curing {unknown}
 k - a potion of berserk rage {unknown}
 l - a potion of haste {unknown}
 m - a potion of brilliance {unknown}
 r - a potion of magic {unknown}
 x - a potion of attraction {unknown}


   Skills:
 - Level 2.0 Fighting
 - Level 3.1 Long Blades
 - Level 0.8 Throwing
 - Level 0.7 Armour
 + Level 4.2 Dodging
 - Level 0.3 Shields
 - Level 2.1 Spellcasting
 - Level 3.0 Translocations


You had 4 spell levels left.
You knew the following spells:

 Your Spells              Type           Power      Damage    Failure   Level
a - Blink                 Tloc           18%        N/A       14%         2
b - Vhi's Electric Charg  Tloc/Air       10%        N/A       45%         3

Your spell library contained the following spells:

 Spells                   Type           Power      Damage    Failure   Level
 Lesser Beckoning         Tloc           18%        N/A       14%         2
 Teleport Other           Tloc           9%         N/A       28%         3
 Manifold Assault         Tloc           9%         N/A       67%         4


Dungeon Overview and Level Annotations

Branches:
Dungeon (3/15)

Altars:

Shops:
D:2 (


Innate Abilities, Weirdness & Mutations

You have extremely sharp teeth.
Your natural rate of healing is unusually fast.
When hurt, damage is shared between your health and your magic reserves.
Your bite disrupts and absorbs the magic of your enemies.
Potions cannot restore your health.


Message History

You hit the orc wizard.
The orc wizard looks as sick as possible!
The orc wizard is heavily wounded.
The orc wizard hits you with a +0 dagger. x2
Something hits you.
You hit the orc wizard.
The orc wizard looks as sick as possible!
Your bite misses the orc wizard.
The orc wizard is severely wounded.
Something hits you.
The orc wizard hits you but does no damage. x2
You barely miss the orc wizard. Your bite misses the orc wizard.
The orc wizard is severely wounded.
You hear some strange, mumbled words.
A puff of flame appears from out of thin air!
The puff of flame hits you! The fire burns you terribly!
The orc wizard barely misses you.
The orc wizard gestures at you while chanting.
The puff of flame hits you! The fire burns you terribly!
* * * LOW HITPOINT WARNING * * *
You are too injured to fight recklessly!
You are too injured to fight recklessly!
You are too injured to fight recklessly!
You are too injured to fight recklessly!
You are too injured to fight recklessly!
You hit the orc wizard but do no damage.
The orc wizard is poisoned.
Your bite misses the orc wizard.
You kill the orc wizard!
The orc wizard hits you with a +0 dagger.
* * * LOW HITPOINT WARNING * * *
You hear some strange, mumbled words.
A puff of flame appears from out of thin air!
The puff of flame misses you.
The puff of flame hits the orc wizard.
You have reached level 6!
Blink to where?
Press: ? - help, Dir - move target
As you read the scroll of blinking, it crumbles to dust.
The orc wizard gestures at you while chanting.
The puff of flame hits you! The fire burns you terribly!
You die...

#### ## ### #..#
#.#...# #..# .....
########..##).#
#..@.......§r.# .
#.####..[o.##......
.. ##......?...#.
#. ##.#####.#...
#.# #.# #> #.# #.#
#.# ##'## #.#
##...## ##.#
##.....##


You could see an orc wizard (very poisoned).

Vanquished Creatures
  An orc priest (D:1)
  4 orc wizards
  4 adders (D:2)
  5 dart slugs
  A worm (D:2)
  7 orcs
  5 ball pythons
  4 bats
  An endoplasm (D:2)
  6 hobgoblins
  7 jackals
  3 quokkas
  5 frilled lizards
  3 goblins
  2 kobolds
  2 rats
60 creatures vanquished.

Notes
Turn   | Place    | Note
-------+----------+-------------------------------------------
     0 | D:1      | Leeroy the Vine Stalker Warper began the quest for the Orb.
     0 | D:1      | Reached XP level 1. HP: 11/11 MP: 4/4
    40 | D:1      | Reached XP level 2. HP: 8/15 MP: 3/6
   296 | D:1      | Learned a level 2 spell: Blink
   373 | D:1      | Reached XP level 3. HP: 13/18 MP: 5/7
   722 | D:2      | Found Dapiqipn's Weapon Shoppe.
   834 | D:2      | Reached skill level 2 in Dodging
   909 | D:2      | Gained mutation: Your natural rate of healing is unusually
                  | fast. [Vine Stalker growth]
   909 | D:2      | Reached XP level 4. HP: 21/23 MP: 6/8
  1028 | D:2      | Learned a level 3 spell: Vhi's Electric Charge
  1244 | D:2      | Identified the amulet "Suxeures" {Reflect Rampage Will+
                  | SH+5}
  1429 | D:2      | Reached skill level 3 in Dodging
  1429 | D:2      | Reached XP level 5. HP: 15/26 MP: 4/9
  1646 | D:3      | Reached skill level 4 in Dodging
  1652 | D:3      | Reached XP level 6. HP: 4/30 MP: 1/10
  1653 | D:3      | Killed from afar by an orc wizard

Illustrated notes

Levels and vault maps discovered:
D:1:      dpeg_arrival_shelter, layout_basic
D:2:      cheibrodos_pilgrimage, layout_basic, serial_shops,
          nicolae_shop_bloodbath_and_beyond, grunt_ministairs_8
D:3:      layout_loops_corners, minivault_4, wad_rectangle_vault

Skill      XL: |  1  2  3  4  5 |
---------------+----------------+-----
Long Blades    | 2 3 |  3.1
Fighting       | 2 |  2.0
Dodging        | 2 3 4 |  4.2
Throwing       | |  0.8
Armour         | |  0.7
Shields        | |  0.3
Spellcasting   | |  2.1
Translocations | |  3.0

Action                     |  1- 3 |  4- 6 || total
---------------------------+-------+-------++-------
  Melee: Falchion          |    91 |    76 ||   167
         Bite              |    18 |    19 ||    37
         Dagger            |       |    13 ||    13
    Use: Scroll            |       |     1 ||     1
   Stab: Sleeping          |       |     2 ||     2
 Armour: Leather armour    |    16 |    32 ||    48
  Dodge: Dodged            |    61 |    50 ||   111
  Block: Other             |       |     5 ||     5
         Reflection        |       |     1 ||     1

Table legend: (Time is in decaauts)
 A = Elapsed time spent in this place.
 B = Non-inter-level travel time spent in this place.
 C = Inter-level travel time spent in this place.
 D = Time resting spent in this place.
 E = Time spent auto-exploring this place.
 F = Levels seen in this place.
 G = Mean time per level.
                   A        B        C        D        E       F      G
               +--------+--------+--------+--------+--------+-----+--------+
         Total |   1675 |   1630 |     45 |     18 |   1128 |   3 |  558.3 |
       Dungeon |   1675 |   1630 |     45 |     18 |   1128 |   3 |  558.3 |
               +--------+--------+--------+--------+--------+-----+--------+

Top non-repeatable levels by time:
     D:2: 980 daAuts
     D:1: 643 daAuts
     D:3: 51 daAuts
